 Dungeon Crawl Stone Soup version 0.31-a0-1-g4198be8af4 (webtiles) character file.

Game seed: 13199992201598279086

35 Pimp the Trooper (level 3, -6/33 HPs)
             Began as a Draconian Fighter on May 1, 2023.
             Mangled by Sigmund
             ... wielding a +0 scythe
              (7 damage)
             ... on level 2 of the Dungeon.
             The game lasted 00:02:28 (1124 turns).

Pimp the Trooper (Draconian Fighter)                Turns: 1124, Time: 00:02:28

Health: -6/33      AC:  8    Str: 18    XL:     3   Next: 16%
Magic:  3/3        EV: 12    Int: 10    God:
Gold:   126        SH:  5    Dex: 10    Spells: 2/2 levels left

rFire   . . .        a - +0 long sword
rCold   . . .        b - +1 buckler
rNeg    . . .        (body armour unavailable)
rPois   .            (helmet restricted)
rElec   .            (no cloak)
rCorr   .            d - +2 pair of gloves
SInv    .            (no boots)
Will    .....        (no amulet)
Stlth   +            (no ring)
HPRegen 0.25/turn    (no ring)
MPRegen 0.08/turn

%: no passive effects
@: mighty, brilliant, attractive, invisible
A: AC +5, unfitting armour, cold-blooded
a: no special abilities


You were on level 2 of the Dungeon.
You visited 1 branch of the dungeon, and saw 2 of its levels.

You collected 126 gold pieces.

Inventory:

Hand Weapons
 a - a +0 long sword (weapon)
Armour
 b - a +1 buckler (worn)
 d - a +2 pair of gloves (worn)
Jewellery
 g - an amulet of magic regeneration
 k - a ring of ice


   Skills:
 + Level 3.7 Fighting
 + Level 2.5 Long Blades
 + Level 3.0 Dodging
 + Level 3.3 Shields


You had 2 spell levels left.
You didn't know any spells.
Your spell library was empty.

Dungeon Overview and Level Annotations

Branches:
Dungeon (2/15)

Altars:

Annotations:
D:2 Sigmund


Innate Abilities, Weirdness & Mutations

Your plain brown scales are hard. (AC +5)
You cannot fit into any form of body armour.
You are cold-blooded and may be slowed by cold attacks.


Message History

The puff of flame hits you.
You bump into the rock wall.
Sigmund hits you from afar with a +0 scythe.
You bump into the rock wall.
Sigmund mumbles some strange words.
Sigmund flickers and vanishes!
Deactivating autopickup; reactivate with Ctrl-A.
You bump into the rock wall.
Something hits you.
You feel very mighty all of a sudden.
It was a potion of invisibility.
You fade into invisibility!
A magic dart appears from out of thin air!
The magic dart hits you but does no damage.
It was a potion of attraction.
You feel attractive to monsters.
You feel less confused.
You hear some strange, mumbled words.
A puff of flame appears from out of thin air!
The puff of flame hits you. Something is attracted toward you.
You closely miss something.
You hear some strange, mumbled words.
A magic dart appears from out of thin air!
The magic dart hits you. Something hits you but does no damage.
You barely miss something. Something completely misses you.
You hit something. Something barely misses you.
You barely miss something. You miss something. You block something's attack.
You slash something! Something hits you.
* * * LOW HITPOINT WARNING * * *
You miss something. Something hits you but does no damage.
You miss something.
Your tail-slap misses something.
You block something's attack.
You closely miss something.
You hear some strange, mumbled words.
Something tries to affect you, but you resist.
It was a potion of brilliance.
You feel clever all of a sudden. Something hits you!
* * * LOW HITPOINT WARNING * * *
You closely miss something. Something hits you!
You die...

#.......## #......
#.......## #.....
..#.......## #.....
..#.........
#.........#@.......#
#........ .........#
#...##.###.###.###.#
#...#....รท..........
#..@{.##)###.###.##.
#...#.#...........#.
##...#...##.###.##...
#....#.#.#.......#.#.
#......#...##.##...#. ..#
#....#.#.#.#...#.#.#.
...##....#...#...#...#...
#.......#.#.#.#...#.#.#.
#.........#...##.##...#.


There were no monsters in sight!

Vanquished Creatures
  An adder (D:2)
  A worm (D:2)
  A dart slug (D:1)
  A ball python (D:2)
  2 endoplasms
  A giant cockroach (D:1)
  A goblin (D:1)
  2 hobgoblins (D:1)
  2 kobolds
  5 bats
  A frilled lizard (D:2)
  3 rats
21 creatures vanquished.

Notes
Turn   | Place    | Note
-------+----------+-------------------------------------------
     0 | D:1      | Pimp the Draconian Fighter began the quest for the Orb.
     0 | D:1      | Reached XP level 1. HP: 19/19 MP: 1/1
   320 | D:1      | Reached XP level 2. HP: 26/26 MP: 2/2
   884 | D:2      | Noticed Sigmund
   995 | D:2      | Reached XP level 3. HP: 25/33 MP: 3/3
  1123 | D:2      | HP: 1/33 [something (7)]
  1124 | D:2      | Mangled by Sigmund

Illustrated notes

Levels and vault maps discovered:
D:1:      dpeg_arrival_round_a, layout_loops_ring, st_stairs_11
D:2:      layout_basic, ebering_ecumenical_altar_sacrificial,
          nicolae_concentric_dashed_squares_mild, uniq_sigmund

Skill      XL: |  1  2 |
---------------+-------+-----
Dodging        | 3 |  3.0
Fighting       | |  3.7
Long Blades    | |  2.5
Shields        | |  3.3

Action                     || total
---------------------------++-------
  Melee: Long sword        ||    76
         Tailslap          ||     6
    Use: Scroll            ||     3
         Potion            ||     4
 Armour: Skin              ||    51
  Dodge: Dodged            ||    65
  Block: Buckler           ||    23

Table legend: (Time is in decaauts)
 A = Elapsed time spent in this place.
 B = Non-inter-level travel time spent in this place.
 C = Inter-level travel time spent in this place.
 D = Time resting spent in this place.
 E = Time spent auto-exploring this place.
 F = Levels seen in this place.
 G = Mean time per level.
                   A        B        C        D        E       F      G
               +--------+--------+--------+--------+--------+-----+--------+
         Total |   1148 |   1083 |     65 |     20 |    765 |   2 |  574.0 |
       Dungeon |   1148 |   1083 |     65 |     20 |    765 |   2 |  574.0 |
               +--------+--------+--------+--------+--------+-----+--------+

Top non-repeatable levels by time:
     D:1: 822 daAuts
     D:2: 326 daAuts
